 Dungeon Crawl Stone Soup version 0.31.0-12-g77e489cdc1 (webtiles) character file.

Game seed: 17301960846381160991

29 Silvore the Trooper (level 3, -1/29 HPs)
             Began as a Demonspawn Fighter on Feb 11, 2024.
             Succumbed to an adder's poison
             ... on level 2 of the Dungeon.
             The game lasted 00:00:57 (560 turns).

Silvore the Trooper (Demonspawn Fighter)             Turns: 560, Time: 00:00:57

Health: -1/29      AC:  6    Str: 18    XL:     3   Next: 1%
Magic:  3/3        EV:  9    Int:  8    God:
Gold:   102        SH:  4    Dex: 12    Spells: 2/2 levels left

rFire   . . .        a - +0 long sword
rCold   . . .        c - +0 buckler
rNeg    . . .        b - +0 scale mail
rPois   .            (no helmet)
rElec   .            e - scarf {repulsion}
rCorr   .            (no gloves)
SInv    .            (no boots)
Will    .....        (no amulet) Stlth
                     (no ring)
HPRegen 0.24/turn    (no ring)
MPRegen 0.16/turn

%: repel missiles
@: lethally poisoned (-1 -> -7)
A: powered by death 1, magic regeneration
a: no special abilities


You were on level 2 of the Dungeon.
You visited 1 branch of the dungeon, and saw 2 of its levels.

You collected 102 gold pieces.

Inventory:

Hand Weapons
 a - a +0 long sword (weapon)
Armour
 b - a +0 scale mail (worn)
 c - a +0 buckler (worn)
 e - a scarf of repulsion (worn)
Jewellery
 k - a +6 ring of strength
Scrolls
 i - a scroll of immolation
Potions
 d - a potion of might
 g - 2 potions of enlightenment {unknown}
 h - a potion of magic {unknown}
 j - 2 potions of curing {unknown}


   Skills:
 + Level 3.3 Fighting
 + Level 2.2 Long Blades
 + Level 2.9 Armour
 + Level 0.2 Dodging
 + Level 3.0 Shields


You had 2 spell levels left.
You didn't know any spells.
Your spell library was empty.

Dungeon Overview and Level Annotations

Branches:
Dungeon (2/15)

Altars:


Innate Abilities, Weirdness & Mutations

You regenerate a little health from kills.
You regenerate magic rapidly.


Message History

The adder closely misses you. x2
The hobgoblin hits you but does no damage.
The adder bites you but does no damage. The adder barely misses you.
You miss the adder.
The adder is heavily wounded.
The adder bites you but does no damage. The hobgoblin barely misses you.
You block the adder's attack. The adder bites you.
Unknown command.
You slash the adder!
You kill the adder!
The adder barely misses you. The adder bites you.
* * * LOW HITPOINT WARNING * * *
You are poisoned.
The adder poisons you!
The hobgoblin hits you but does no damage.
Your Shields skill increases to level 3!
You have reached level 3!
Your experience leads to an increase in your attributes!
Increase (S)trength, (I)ntelligence, or (D)exterity?
You feel stronger. x2; Your demonic ancestry asserts itself...
A wave of death washes over you.
You hit the adder but do no damage.
You feel sick. The adder closely misses you. The hobgoblin closely misses you.
The hobgoblin hits you but does no damage.
The adder bites you but does no damage.
You hit the adder.
The adder is lightly wounded.
You feel sick. The hobgoblin hits you.
* * * LOW HITPOINT WARNING * * *
The adder bites you.
* * * LOW HITPOINT WARNING * * *
You are lethally poisoned!
The adder poisons you! You block the hobgoblin's attack.
The hobgoblin hits you.
* * * LOW HITPOINT WARNING * * *
You block the adder's attack.
The hobgoblin hits you but does no damage.
You hit the adder.
The adder is severely wounded.
You die...

.... # ### .... #. ..#
..... #. #.# ...[.
#..#.# ...... #.#.###
......###########....<#
.......g........###.###
..<...g@........# #...#
......S.........#####.#
................'.....#
../.............#######
................#
.##+##..........#
#..........#
#..........#
#..........#


You could see an adder and 2 hobgoblins.

Vanquished Creatures
  An adder (D:2)
  4 bats (D:1)
  2 giant cockroaches (D:1)
  3 hobgoblins (D:1)
  A jackal (D:1)
  2 kobolds (D:1)
  3 ball pythons (D:1)
  2 frilled lizards (D:1)
  A goblin (D:1)
19 creatures vanquished.

Notes
Turn   | Place    | Note
-------+----------+-------------------------------------------
     0 | D:1      | Silvore the Demonspawn Fighter began the quest for the Orb.
     0 | D:1      | Reached XP level 1. HP: 18/18 MP: 1/1
    94 | D:1      | Gained mutation: You regenerate magic rapidly. [demonic
                  | ancestry]
    94 | D:1      | Reached XP level 2. HP: 23/24 MP: 2/2
   558 | D:2      | Gained mutation: You regenerate a little health from kills.
                  | [demonic ancestry]
   558 | D:2      | Reached XP level 3. HP: 9/29 MP: 3/3
   559 | D:2      | HP: 1/29 [hobgoblin (3)]
   560 | D:2      | Succumbed to an adder's poison

Illustrated notes

Levels and vault maps discovered:
D:1:      sevenhm_arrival_forest_fort_small_4, layout_rooms, minmay_cupped
D:2:      layout_basic, uniq_sigmund

Skill      XL: |  1  2 |
---------------+-------+-----
Long Blades    | 2 |  2.2
Shields        | 3 |  3.0
Fighting       | |  3.3
Armour         | |  2.9
Dodging        | |  0.2

Action                     || total
---------------------------++-------
  Melee: Long sword        ||    48
    Use: Scroll            ||     2
 Armour: Scale mail        ||    45
  Dodge: Dodged            ||    41
  Block: Buckler           ||    17
